 Dungeon Crawl Stone Soup version 0.24.0-123-gd5b16e6ec5 (webtiles) character file.

Game seed: 9124952687613356151, levelgen mode: deterministic

259 Elellon the Cudgeler (level 6, -2/55 HPs)
             Began as a Gargoyle Fighter on Jan 21, 2020.
             Slain by a killer bee (5 damage)
             ... on level 5 of the Dungeon.
             The game lasted 00:03:52 (2401 turns).

Elellon the Cudgeler (Gargoyle Fighter)             Turns: 2401, Time: 00:03:52

Health: -2/55      AC: 23    Str: 21    XL:     6   Next: 17%
Magic:  6/6        EV:  2    Int:  9    God:
Gold:   77         SH:  9    Dex:  9    Spells: 5/5 levels left

rFire    . . .     SeeInvis .   s - +0 morningstar
rCold    . . .     Gourm    .   c - +0 shield
rNeg     + + +     Faith    .   (armour currently unavailable)
rPois    ∞         Spirit   .   (helmet currently unavailable)
rElec    .         Reflect  .   (cloak currently unavailable)
rCorr    .         Harm     .   (gloves currently unavailable)
MR       .....     NoTele   +   (boots currently unavailable)
Stlth    +.........             (no amulet)
HPRegen  0.18/turn              (no ring)
MPRegen  0.10/turn              (no ring)

@: tree-form, marked
A: negative energy resistance 1, petrification resistance, rot immunity, AC +4
a: no special abilities


You were on level 5 of the Dungeon.
You were not hungry.
You were a tree.
You visited 1 branch of the dungeon, and saw 5 of its levels.

You collected 77 gold pieces.

Inventory:

Hand Weapons
 s - a +0 morningstar (weapon)
Armour
 c - a +0 shield (worn)
 m - a +0 cloak (melded)
 t - a +0 chain mail (melded)
Jewellery
 i - an uncursed ring of wizardry {unknown}
 j - an uncursed ring of positive energy {unknown}
 o - an uncursed amulet of faith {unknown}
Wands
 r - a wand of digging (7)
Scrolls
 e - a scroll of magic mapping {unknown}
 g - a scroll of immolation {unknown}
 h - 5 scrolls of remove curse {unknown}
 l - 2 scrolls of fear {unknown}
 n - a scroll of teleportation {unknown}
 q - a scroll of blinking {unknown}
Potions
 d - 2 potions of might
 k - a potion of flight {unknown}
Comestibles
 f - 3 rations
 p - 16 chunks of flesh


   Skills:
 - Level 3.2 Fighting
 + Level 6.3 Maces & Flails
 - Level 3.2 Armour
 - Level 3.2 Shields


You had 5 spell levels left.
You didn't know any spells.
Your spell library was empty.

Dungeon Overview and Level Annotations

Branches:
Dungeon (6/15)
 Temple: D:4-7

Altars:


Innate Abilities, Weirdness & Mutations

You are resistant to torment.
((Your stone body is resilient. (AC +4)))
You are immune to poison.
You resist negative energy. (rN+)
((You are resistant to electric shocks. (rElec)))
((You can survive without breathing.))
You are immune to petrification.
You are immune to rotting.


Message History

* * * LOW HITPOINT WARNING * * *
You closely miss the killer bee. The killer bee barely misses you.
You block the killer bee's attack. x2
The killer bee stings you but does no damage. x2
You miss the killer bee. You block the killer bee's attack.
The killer bee stings you.
* * * LOW HITPOINT WARNING * * *
You block the killer bee's attack. The killer bee stings you.
* * * LOW HITPOINT WARNING * * *
The killer bee barely misses you.
It was a potion of lignification.
You turn into a tree.
Your +0 cloak melds into your body.
Your +0 chain mail melds into your body.
Your roots penetrate the ground.
The killer bee stings you but does no damage. x2
You block the killer bee's attack. x2
You closely miss the killer bee.
The killer bee stings you but does no damage. x2
The killer bee stings you.
You die...

## .. ####.
... #.# #♣#
#yy...#
...!.##
.......#
........#
.<.......#
.........#(
##..........#


You could see 2 killer bees.

Vanquished Creatures
  A water moccasin (D:3)
  A crimson imp (D:2)
  An orc wizard (D:3)
  An adder (D:2)
  An ooze (D:1)
  2 worms
  3 dart slugs
  3 leopard geckos
  7 orcs (D:3)
  A giant cockroach (D:1)
  6 hobgoblins
  6 jackals
  A quokka (D:2)
  7 bats
  6 frilled lizards
  8 goblins
  6 kobolds
  4 rats
65 creatures vanquished.

Notes
Turn   | Place    | Note
-------+----------+-------------------------------------------
     0 | D:1      | Elellon the Gargoyle Fighter began the quest for the Orb.
     0 | D:1      | Reached XP level 1. HP: 14/14 MP: 1/1
   119 | D:1      | Reached XP level 2. HP: 14/19 MP: 2/2
   196 | D:1      | Reached skill level 3 in Maces & Flails
   238 | D:1      | Reached XP level 3. HP: 11/23 MP: 3/3
  1092 | D:2      | Reached skill level 4 in Maces & Flails
  1385 | D:2      | Reached XP level 4. HP: 22/28 MP: 4/4
  2096 | D:3      | Reached skill level 5 in Maces & Flails
  2174 | D:3      | Reached XP level 5. HP: 32/32 MP: 5/5
  2327 | D:3      | Noticed a water moccasin
  2336 | D:3      | Killed a water moccasin
  2336 | D:3      | Reached skill level 6 in Maces & Flails
  2336 | D:3      | Reached XP level 6. HP: 25/37 MP: 6/6
  2382 | D:3      | You fall into a shaft and drop 3 floors!
  2393 | D:5      | Entered Level 5 of the Dungeon
  2401 | D:5      | Slain by a killer bee

Levels and vault maps discovered:
D:1:      dpeg_arrival_water_fire, layout_loops_ring
D:2:      layout_basic, first_ration
D:3:      layout_rooms, nicolae_overflow_hidden_temple
D:5:      layout_rooms, nicolae_qazlal_general_emergency, serial_undead,
          serial_undead_f, serial_undead_f, serial_undead_a, serial_undead_c,
          serial_undead_a
D:6:      layout_layer_cave, kennysheep_mini_moat, serial_shops,
          nicolae_shop_temple_entry_statues_fountains, uniq_duvessa

Skill      XL: |  1  2  3  4  5 |
---------------+----------------+-----
Maces & Flails | 3 4 5 6 |  6.3
Fighting       | |  3.2
Armour         | |  3.2
Shields        | |  3.2

Action                   |  1- 3 |  4- 6 || total
-------------------------+-------+-------++-------
Melee: Flail             |   177 |   104 ||   281
       Morningstar       |       |    26 ||    26
  Use: Potion            |       |     1 ||     1
  Eat: Chunk             |     2 |     3 ||     5
Armor: Scale mail        |   122 |    40 ||   162
       Chain mail        |       |    22 ||    22
       Skin              |       |     4 ||     4
Dodge: Dodged            |    72 |    44 ||   116
Block: Shield            |   108 |    69 ||   177
